cohdb
Replays
Latest Replays
All Replays
Popular Replays
Top Player Replays
Match Explorer
How It Works
Community
CoH3 Stats
Reddit
Sign in to upload your games and track your stats! →
Sign in with Steam
Match 41131782
Unlisted
Match 41131782
Overview
Messages
Build Orders
End
Vickers Machine Gun Team
Construct Section Command Post
Selects Heavy Armor Battlegroup
Dingo Light Scout Car
Infantry Section
Infantry Section
Infantry Section
Construct Platoon Command Post
Selects Rigorous Vehicle Training
CMP 15cwt Truck
Infantry Training
Grenade Package
Unlock M3 Stuart Light Tanks
M3 Stuart Light Tank
Alex Caesar
[EPIC]SAGEKING
Potato Ball Sack
Delta™
Rang_er_Cis
↯↯ Blítzkrieg
0
0
Comments
sign in to comment!
No comments posted yet!